 Dungeon Crawl Stone Soup version 0.27-a0-1139-g28e009f8a6 (webtiles) character file.

Game seed: 9751350490835503253

382 Anon1729 the Ruffian (level 6, -1/43 HPs)
             Began as an Octopode Gladiator on May 7, 2021.
             Was a Believer of Jiyva.
             Slain by a gnoll
             ... wielding a +0 spear
              (7 damage)
             ... on level 5 of the Dungeon.
             The game lasted 00:04:02 (4679 turns).

Anon1729 the Ruffian (Octopode Gladiator)           Turns: 4679, Time: 00:04:03

Health: -1/43      AC:  1    Str: 15    XL:     6   Next: 76%
Magic:  6/6        EV: 14    Int: 10    God:    Jiyva [**....]
Gold:   145        SH:  0    Dex: 14    Spells: 5/5 levels left

rFire    . . .     SeeInvis .     - Unarmed
rCold    . . .     Faith    .   (no shield)
rNeg     . . .     Spirit   .   a - +0 hat
rPois    .         Reflect  .   (no amulet)
rElec    .         Harm     .   (no ring)
rCorr    .         Rampage  .   (no ring)
Will     .....                  (no ring)
Stlth    ++........             (no ring)
HPRegen  0.14/turn              (no ring)
MPRegen  0.10/turn              (no ring)
                                (no ring)
                                (no ring)

@: no status effects
A: almost no armour, amphibious, 8 rings, camouflage 1, gelatinous body 1,
(nimble swimmer 1), tentacles
a: Renounce Religion, Request Jelly


You were on level 5 of the Dungeon.
You worshipped Jiyva.
Jiyva was pleased with you.
You visited 1 branch of the dungeon, and saw 5 of its levels.

You collected 145 gold pieces.

Inventory:

Missiles
 b - 4 throwing nets (quivered)
Armour
 a - a +0 hat (worn)
Jewellery
 l - a ring of ice
Scrolls
 c - a scroll of blinking {unknown}
 e - 4 scrolls of teleportation
 f - a scroll of amnesia {unknown}
 g - 3 scrolls of immolation
 j - a scroll of vulnerability {unknown}
 k - a scroll of enchant weapon {unknown}
Potions
 d - a potion of invisibility {unknown}
 h - a potion of haste {unknown}
 i - a potion of attraction {unknown}
 m - a potion of curing {unknown}
 n - 2 potions of might {unknown}


   Skills:
 + Level 3.8 Fighting
 - Level 2.4 Throwing
 + Level 4.5 Dodging
 * Level 5.3 Unarmed Combat


You had 5 spell levels left.
You didn't know any spells.
Your spell library was empty.

Dungeon Overview and Level Annotations

Branches:
Dungeon (5/15)
 Temple: D:4-7

Altars:
Nemelex Xobeh
Sif Muna
Trog
Wu Jian
The Shining One
Jiyva


Innate Abilities, Weirdness & Mutations

You cannot wear most types of armour.
You are amphibious.
You can wear up to eight rings at the same time.
Your skin changes colour to match your surroundings (Stealth+).
Your rubbery body absorbs attacks. (AC +1, EV +1)
((You are camouflaged near water. (Stealth+)))
You have tentacles for arms and can constrict up to eight enemies at once.


Message History

The gnoll sergeant shouts!
The gnoll shouts! x2
You hear a distant slurping noise.
You swap places.
The gnoll hits the jelly with a +0 whip.
The gnoll is burned by acid!
The jelly barely misses the gnoll.
The gnoll barely misses the jelly.
The jelly hits the gnoll.
The gnoll is splashed with acid.
The acid corrodes the gnoll!
The gnoll sergeant hits you with a +0 spear!
The gnoll hits the jelly with a +0 whip!
The gnoll is burned by acid!
The gnoll dies!
You tentacle-slap the gnoll sergeant. You grab the gnoll sergeant.
The gnoll sergeant blocks your attack.
The gnoll sergeant is lightly wounded.
You constrict the gnoll sergeant, but do no damage.
The gnoll sergeant escapes!
You hear a slurping noise.
The jelly barely misses the gnoll.
You tentacle-slap the gnoll sergeant. You grab the gnoll sergeant.
The gnoll sergeant is moderately wounded.
You constrict the gnoll sergeant. The gnoll sergeant barely misses you.
You bludgeon the gnoll sergeant!
The gnoll sergeant is severely wounded.
You constrict the gnoll sergeant, but do no damage.
The gnoll sergeant hits you with a +0 spear!
You tentacle-slap the gnoll sergeant but do no damage.
The gnoll sergeant is severely wounded.
You constrict the gnoll sergeant. The gnoll hits you with a +0 club.
The gnoll sergeant hits you with a +0 spear.
The gnoll hits you from afar with a +0 spear.
You tentacle-slap the gnoll sergeant.
The gnoll sergeant is almost dead.
You constrict the gnoll sergeant, but do no damage.
The gnoll hits you with a +0 club!
* * * LOW HITPOINT WARNING * * *
The gnoll hits you with a +0 club.
* * * LOW HITPOINT WARNING * * *
The gnoll sergeant misses you.
The gnoll hits you from afar with a +0 spear!
You die...

..#....# ........#...g.....
..#...J# .....#..#.........
..#....# .....#..#...g....g
#.#....###### #.J#....g....
#.###....#..###..##########
....#....#...#....#
....#........#...g#
#.#.>....#######g######
#.#####........g@g....#
...# #...............# ...#
#...............# ...##
#...............# ....#
#...............######
.####
##############.......# ..#
#.......# ..# #.......# ###
####.......#


You could see a gnoll sergeant, 3 gnolls and a neutral jelly (wandering) (fellow
slime).

Vanquished Creatures
  A howler monkey (D:4)
  2 hounds
  An iguana (D:5)
  2 orc wizards
  A hound skeleton (D:4)
  4 gnolls
  8 adders
  A worm (D:2)
  8 orcs
  2 ball pythons
  2 endoplasms (D:1)
  4 giant cockroaches
  5 goblins
  6 hobgoblins
  14 jackals
  2 quokkas
  3 bats
  4 frilled lizards
  3 kobolds
  A rat (D:1)
74 creatures vanquished.

Vanquished Creatures (others)
  A black bear (D:3)
  A jelly (D:3)
  A hound (D:5)
  An orc wizard (D:3)
  An adder (D:3)
  A gnoll (D:5)
  2 orcs (D:3)
  A bat (D:3)
  An endoplasm (D:3)
  2 hobgoblins (D:3)
  A kobold (D:3)
  A quokka (D:3)
  2 frilled lizards (D:3)
16 creatures vanquished.

Grand Total: 90 creatures vanquished

Notes
Turn   | Place    | Note
-------+----------+-------------------------------------------
     0 | D:1      | Anon1729 the Octopode Gladiator began the quest for the
                  | Orb.
     0 | D:1      | Reached XP level 1. HP: 14/14 MP: 1/1
   322 | D:1      | Reached XP level 2. HP: 13/19 MP: 2/2
  1318 | D:2      | Reached XP level 3. HP: 25/25 MP: 3/3
  1890 | D:2      | Found a faded altar of an unknown god.
  1893 | D:2      | Became a worshipper of Jiyva Jiarit the Shapeless
  1893 | D:2      | Reached * piety under Jiyva
  2113 | D:3      | Reached XP level 4. HP: 28/30 MP: 4/4
  2169 | D:3      | Reached skill level 4 in Unarmed Combat
  2372 | D:3      | Found a glowing golden altar of the Shining One.
  2580 | D:3      | Reached XP level 5. HP: 32/36 MP: 5/5
  2679 | D:4      | Noticed a black bear
  2730 | D:3      | Reached ** piety under Jiyva
  2787 | D:3      | Killed a black bear
  3174 | D:4      | Found a bloodstained altar of Trog.
  3187 | D:4      | Found a sparkling altar of Nemelex Xobeh.
  3260 | D:4      | Found an ornate altar of the Wu Jian Council.
  3390 | D:4      | Reached XP level 6. HP: 35/42 MP: 6/6
  3651 | D:4      | Reached skill level 5 in Unarmed Combat
  4029 | D:5      | Entered Level 5 of the Dungeon
  4063 | D:5      | Found a shimmering blue altar of Sif Muna.
  4679 | D:5      | Slain by a gnoll

Illustrated notes

Levels and vault maps discovered:
D:1:      eino_arrival_water_star, layout_basic
D:2:      layout_rooms, shapermc_ecumenical_altar_mp_vishouse
D:3:      layout_rooms, lemuel_coloured_pillars_altar, dk_noncrumbling_2,
          nicolae_underground_beach
D:4:      layout_loops_cross, nzn_wu_jian_contemplation,
          amethyst_overflow_temple_binary, chequers_serial_rivers_micro_d,
          minmay_three_crescents
D:5:      layout_gridville, old_standard_altar

Skill      XL: |  1  2  3  4  5  6 |
---------------+-------------------+-----
Unarmed Combat | 4 5 |  5.3
Fighting       | 3 |  3.8
Dodging        | 4 |  4.5
Throwing       | |  2.4

Action                   |  1- 3 |  4- 6 || total
-------------------------+-------+-------++-------
Melee: Unarmed           |    94 |    96 ||   190
       Constrict         |    23 |    28 ||    51
       Tentacles         |    20 |    20 ||    40
       Punch             |       |     3 ||     3
  Use: Scroll            |     2 |     1 ||     3
 Stab: Sleeping          |     6 |     3 ||     9
Armor: Skin              |     7 |     2 ||     9
Dodge: Dodged            |    97 |    69 ||   166

Table legend: (Time is in decaauts)
 A = Elapsed time spent in this place.
 B = Non-inter-level travel time spent in this place.
 C = Inter-level travel time spent in this place.
 D = Time resting spent in this place.
 E = Time spent auto-exploring this place.
 F = Levels seen in this place.
 G = Mean time per level.
                   A        B        C        D        E       F      G
               +--------+--------+--------+--------+--------+-----+--------+
         Total |   4667 |   4584 |     83 |    900 |   3127 |   5 |  933.4 |
       Dungeon |   4667 |   4584 |     83 |    900 |   3127 |   5 |  933.4 |
               +--------+--------+--------+--------+--------+-----+--------+

Top non-repeatable levels by time:
     D:4: 1231 daAuts
     D:1: 1222 daAuts
     D:2: 844 daAuts
     D:3: 830 daAuts
     D:5: 538 daAuts
